 Dungeon Crawl Stone Soup version 0.19.0-20-gbc5f0c6 (webtiles) character file.

26390 ThermosAquaticus the Severer (level 13, -1/96 HPs)
             Began as a Formicid Fighter on Nov 15, 2016.
             Was a High Priest of Okawaru.
             Slain by a 16-headed hydra (6 damage)
             ... on level 2 of the Lair of Beasts on Nov 16, 2016.
             The game lasted 00:46:36 (16430 turns).

ThermosAquaticus the Severer (Formicid Fighter)    Turns: 16430, Time: 00:46:36

Health: -1/96      AC: 22    Str: 29    XL:     13   Next: 57%
Magic:  19/20      EV: 10    Int: 19    God:    Okawaru [*****.]
Gold:   1019       SH: 14    Dex: 13    Spells: 0 memorised, 12 levels left

rFire  . . .     SeeInvis +     Q - +1 broad axe
rCold  . . .     Gourm    .     o - +0 plate armour
rNeg   + . .     Faith    .     c - +0 shield
rPois  .         Spirit   .     (helmet unavailable)
rElec  .         Reflect  .     s - +1 cloak {+Inv}
rCorr  .         Harm     .     x - +0 pair of gloves
MR     +....                    L - +2 pair of boots of Heresy {Str+7 Int+3}
Stlth  ..........               P - amulet of the Jolly Moons {rC- Regen+ Int+7}
                                y - ring of positive energy
                                e - ring of protection from cold

@: heroism
A: permanent stasis, dig shafts and tunnels, four strong arms, antennae 3
a: Dig, Shaft Self, Heroism, Finesse, Renounce Religion, Evoke Invisibility


You were on level 2 of the Lair of Beasts.
You worshipped Okawaru.
Okawaru was extremely pleased with you.
You were hungry.

You visited 4 branches of the dungeon, and saw 20 of its levels.
You also visited: Ossuary.

You collected 1218 gold pieces.
You spent 199 gold pieces at shops.

Inventory:

Hand Weapons
 a - a +0 war axe
 h - a +0 arbalest
 k - a +0 blowgun
 w - a +3 hand axe of distortion
 Q - a +1 broad axe (weapon)
Missiles
 l - 4 poisoned needles
Armour
 c - a +0 shield (worn)
 o - a +0 plate armour (worn)
 r - +0 ice dragon scales
 s - a +1 cloak of invisibility (worn)
 x - a +0 pair of gloves (worn)
 L - the +2 pair of boots of Heresy (worn) {Str+7 Int+3}
   (You bought it in a shop on level 4 of the Dungeon)

   It affects your strength (+7).
   It affects your intelligence (+3).
Jewellery
 e - a ring of protection from cold (left hand)
 m - an uncursed ring of fire
 y - a ring of positive energy (right hand)
 I - a +3 amulet of reflection {unknown}
 P - the amulet of the Jolly Moons (around neck) {rC- Regen+ Int+7}
   (You took it off an orc warrior on level 10 of the Dungeon)

   [amulet of regeneration]

   It affects your intelligence (+7).
   It makes you vulnerable to cold.
   It increases your rate of regeneration.
 R - an uncursed amulet of harm {unknown}
 X - an uncursed amulet of rage {unknown}
Wands
 b - a wand of lightning (1/15)
 g - a wand of heal wounds (1/9)
 i - a wand of digging (8/24)
 u - a wand of iceblast (9/15)
 Z - a wand of disintegration (14/24)
Scrolls
 p - a scroll of remove curse
 C - a scroll of holy word
 F - 2 scrolls of fog
 J - 2 scrolls of magic mapping
 O - a scroll of enchant weapon
 W - a scroll of recharging
 Y - 2 scrolls of enchant armour {unknown}
Potions
 n - 2 potions of cancellation
 q - 3 potions of brilliance
 t - a potion of resistance {unknown}
 v - a potion of invisibility {unknown}
 z - 4 potions of ambrosia
 A - a potion of agility
 B - 2 potions of lignification {unknown}
 D - a potion of mutation {unknown}
 E - 3 potions of curing
 M - a potion of berserk rage
 N - a potion of beneficial mutation {unknown}
 S - a potion of magic {unknown}
 V - 3 potions of flight {unknown}
Comestibles
 d - 4 slices of pizza
 f - 9 bread rations
 j - 8 meat rations
 K - 3 beef jerkies
 T - 5 fruits
 U - 10 royal jellies


   Skills:
 + Level 7.0(12.0) Fighting
 - Level 17.2(22.2) Axes
 - Level 6.3(11.3) Armour
 + Level 8.2(13.2) Shields
 - Level 9.4 Invocations


You had 12 spell levels left.
You didn't know any spells.

Dungeon Overview and Level Annotations

Branches:
Dungeon (12/15)            Temple (1/1) D:7            Lair (5/6) D:10
 Spider (0/4) Lair:4          Orc (2/2) D:10
  Swamp: Lair:2-4    Shoals: Lair:2-4     Slime: Lair:5-6       Elf: Orc:2

Altars:
Cheibriados
Dithmenos
Fedhas
Gozag
Hepliaklqana
Kikubaaqudgha
Makhleb
Nemelex Xobeh
Okawaru
Ru
Trog
Uskayaw
Vehumet
Yredelemnul
Zin
The Shining One

Shops:
D:4 [   D:5 =   D:10 =


Innate Abilities, Weirdness & Mutations

You are under a permanent stasis effect.
You can dig through walls and to a lower floor.
Your four strong arms can wield two-handed weapons with a shield.
You have a pair of large antennae on your head. (SInv)


Message History

The 16-headed hydra bites you but does no damage.
The 16-headed hydra closely misses you.
The 16-headed hydra bites you but does no damage.
You block the 16-headed hydra's attack. The 16-headed hydra barely misses you.
The 16-headed hydra bites you but does no damage. x4
Unknown command.
You see here a wolf corpse.
Are you sure you want to shaft yourself?
You are feeling hungry.
The 16-headed hydra bites you!
* * * LOW HITPOINT WARNING * * *
You block the 16-headed hydra's attack.
The 16-headed hydra bites you but does no damage. x2
The 16-headed hydra bites you!
* * * LOW HITPOINT WARNING * * *
The 16-headed hydra barely misses you. You block the 16-headed hydra's attack.
The 16-headed hydra misses you.
The 16-headed hydra bites you but does no damage.
You block the 16-headed hydra's attack. The 16-headed hydra bites you.
You die...

...$......)...............
..........................
...........(..............
.....[...(..............P.
$...............#..#.##PP#
#...........###.#######
####........# ###
#P>D......# ###.<@.....#
#..........#
###.......<####
#.........P.#
#.............#
#.....######.##.# #.#.###
## # #.### . {{{


You could see a 16-headed hydra.

Vanquished Creatures
  Nessos (Orc:2)
  An ice dragon (Lair:3)
  Erica (D:11)
  The ghost of Haldmier the Carver, a journeyman HESk of Ashenzari (Lair:2)
  A tengu warrior (D:11)
  2 hill giants (D:11)
  Pikel (D:8)
  3 ugly things
  A cyclops (D:11)
  3 black mambas
  2 rime drakes
  A gargoyle (D:11)
  6 spiny frogs
  A komodo dragon (Lair:1)
  A tengu conjurer (D:11)
  2 kobold demonologists (D:11)
  A troll (Orc:1)
  A queen bee (D:10)
  Grinder (D:5)
  7 hippogriffs
  Sigmund (D:2)
  A wyvern (D:12)
  Grum (D:8)
  23 yaks
  2 hungry ghosts
  Edmund (D:4)
  A warg (Orc:1)
  2 water moccasins
  7 porcupines
  A hornet zombie (D:9)
  4 sky beasts
  2 slaves (D:8)
  7 ice beasts
  9 orc warriors
  A phantom (D:5)
  5 wolves
  6 ogres
  9 centaurs
  8 crocodiles
  8 bullfrogs
  A wyvern zombie (D:9)
  5 scorpions
  32 killer bees
  4 howler monkeys
  3 centaur zombies
  4 crimson imps
  3 hounds
  2 jellies
  14 orc wizards
  7 orc priests
  Crazy Yiuf (D:3)
  A bullfrog skeleton (D:8)
  A gnoll shaman (D:5)
  Jessica (D:3)
  5 iguanas
  10 worker ants
  Natasha (thrice) (D:3)
  A big kobold zombie (Ossuary)
  2 hound skeletons
  3 mummies (Ossuary)
  A howler monkey zombie (D:5)
  8 gnolls
  13 adders
  5 shadow imps
  2 oozes
  An adder skeleton (D:6)
  2 worms
  3 dart slugs
  7 leopard geckos
  36 orcs
  10 bats
  5 giant cockroaches
  10 hobgoblins
  12 jackals
  9 quokkas
  3 ball pythons
  8 frilled lizards
  13 goblins
  A jackal zombie (D:8)
  14 kobolds
  A leopard gecko skeleton (D:6)
  12 rats
  A spectral orc (D:3)
  15 fungi
432 creatures vanquished.

Vanquished Creatures (others)
  2 slaves (D:8)
  A phantom (D:8)
  A killer bee zombie (D:8)
  A kobold (D:11)
  A quokka (D:9)
  2 fungi
  A plant (Lair:4)
9 creatures vanquished.

Grand Total: 441 creatures vanquished

Notes
Turn   | Place    | Note
-------+----------+-------------------------------------------
     0 | D:1      | ThermosAquaticus the Formicid Fighter began the quest for the Orb.
     0 | D:1      | Reached XP level 1. HP: 18/18 MP: 1/1
   199 | D:1      | Reached XP level 2. HP: 22/24 MP: 2/2
   224 | D:1      | Reached skill level 3 in Axes
   275 | D:1      | Reached XP level 3. HP: 25/29 MP: 3/3
   933 | D:2      | Reached skill level 4 in Axes
   933 | D:2      | Reached XP level 4. HP: 35/35 MP: 4/4
  1105 | D:2      | Found a hazy altar of Hepliaklqana.
  1412 | D:2      | Noticed Sigmund
  1422 | D:2      | Killed Sigmund
  1422 | D:2      | Reached skill level 6 in Axes
  1422 | D:2      | Reached XP level 5. HP: 27/41 MP: 5/5
  1422 | D:2      | Reached XP level 6. HP: 31/47 MP: 6/6
  1894 | D:3      | Noticed Jessica
  1908 | D:3      | Killed Jessica
  2198 | D:3      | Noticed Natasha
  2206 | D:3      | Killed Natasha
  2206 | D:3      | Reached XP level 7. HP: 45/54 MP: 7/7
  2220 | D:3      | Noticed Natasha
  2233 | D:3      | Killed Natasha
  2583 | D:3      | Found a basalt altar of Yredelemnul.
  2675 | D:3      | Noticed Natasha
  2687 | D:3      | Killed Natasha
  2702 | D:3      | Found an ancient bone altar of Kikubaaqudgha.
  2776 | D:3      | Found a runed door.
  2833 | D:3      | Found a shadowy altar of Dithmenos.
  2833 | D:3      | Found a sparkling altar of Nemelex Xobeh.
  2872 | D:3      | Reached skill level 7 in Axes
  3013 | D:3      | Noticed Crazy Yiuf
  3024 | D:3      | Killed Crazy Yiuf
  3767 | D:4      | Found Mum Wee's Antique Armour Shop.
  3815 | D:4      | Found a glowing golden altar of the Shining One.
  4007 | D:4      | Noticed Edmund
  4024 | D:4      | Killed Edmund
  4024 | D:4      | Reached XP level 8. HP: 58/61 MP: 8/8
  4179 | D:5      | Entered Level 5 of the Dungeon
  4206 | D:5      | Reached skill level 8 in Axes
  4399 | D:5      | Noticed Grinder
  4440 | D:5      | Killed Grinder
  4440 | D:5      | Reached skill level 5 in Shields
  4886 | D:5      | Found Queheij's Jewellery Boutique.
  4929 | D:5      | Reached skill level 9 in Axes
  5132 | D:6      | Found a sand-covered staircase.
  5148 | Ossuary  | Entered an ossuary
  5351 | D:6      | Found a snail-covered altar of Cheibriados.
  5413 | D:6      | Reached XP level 9. HP: 64/66 MP: 9/9
  5986 | D:6      | Reached skill level 10 in Axes
  5991 | D:6      | Found a blossoming altar of Fedhas.
  6299 | D:6      | Found a radiant altar of Vehumet.
  6594 | D:4      | Bought a pair of slimy boots for 199 gold pieces
  6594 | D:4      | Identified the +2 pair of boots of Heresy {Str+7 Int+3} (You bought it in a shop on level 4 of the Dungeon)
  6733 | D:7      | Noticed a hippogriff
  6749 | D:7      | Killed a hippogriff
  6822 | D:7      | Found a staircase to the Ecumenical Temple.
  6953 | Temple   | Entered the Ecumenical Temple
  6962 | Temple   | Became a worshipper of Warmaster Okawaru
  7146 | D:7      | Reached skill level 11 in Axes
  7444 | D:7      | Found a burning altar of Makhleb.
  7458 | D:7      | Reached XP level 10. HP: 73/73 MP: 10/10
  7699 | D:8      | Noticed Grum
  7715 | D:8      | Reached * piety under Okawaru
  7729 | D:8      | Killed Grum
  8100 | D:8      | Reached skill level 12 in Axes
  8358 | D:8      | Reached skill level 5 in Armour
  8403 | D:8      | Reached ** piety under Okawaru
  8638 | D:8      | Noticed Pikel
  8653 | D:8      | Noticed a white ugly thing
  8668 | D:8      | Killed Pikel
  8690 | D:8      | Killed a white ugly thing
  8690 | D:8      | Reached *** piety under Okawaru
  8931 | D:8      | Reached XP level 11. HP: 71/78 MP: 11/11
  8981 | D:8      | Reached skill level 13 in Axes
  9080 | D:8      | Reached skill level 5 in Fighting
  9498 | D:9      | Found an opulent altar of Gozag.
  9795 | D:9      | Reached **** piety under Okawaru
  9984 | D:9      | Found a sacrificial altar of Ru.
  9984 | D:9      | Found a bloodstained altar of Trog.
 10085 | D:9      | Upgraded the game from 0.19.0-19-g8c6edcc to 0.19.0-20-gbc5f0c6
 10210 | D:10     | Entered Level 10 of the Dungeon
 10321 | D:10     | Found Fotha's Jewellery Emporium.
 10370 | D:10     | Found a staircase to the Orcish Mines.
 10393 | D:10     | Found a staircase to the Lair.
 10923 | D:10     | Reached skill level 14 in Axes
 10944 | D:10     | Got a scintillating diamond amulet
 10945 | D:10     | Identified the amulet of the Jolly Moons {rC- Regen+ Int+7} (You took it off an orc warrior on level 10 of the Dungeon)
 11373 | Lair:1   | Entered Level 1 of the Lair of Beasts
 11502 | Lair:1   | Reached ***** piety under Okawaru
 11740 | Lair:1   | Reached skill level 1 in Invocations
 11984 | Lair:1   | Received a gift from Okawaru
 11989 | Lair:1   | Got a fine chain mail {god gift}
 12217 | Lair:2   | Noticed Haldmier's ghost (journeyman HESk)
 12295 | Lair:2   | Reached XP level 12. HP: 68/89 MP: 12/14
 12409 | Lair:2   | Noticed an eight-headed hydra
 12584 | Lair:2   | You fall through a shaft for 2 floors!
 12723 | Lair:4   | Identified the +2 chain mail of Ejonaol {Str+5} (Okawaru gifted it to you on level 1 of the Lair of Beasts)
 12738 | Lair:4   | Found a hole to the Spider Nest.
 12781 | Lair:4   | Reached skill level 15 in Axes
 12892 | Lair:4   | Reached skill level 5 in Invocations
 12988 | Lair:4   | Noticed an anaconda
 13014 | Lair:4   | You fall through a shaft!
 13123 | Lair:5   | Noticed an eight-headed hydra
 13589 | Lair:3   | Identified a scroll of acquirement
 13617 | Lair:3   | Noticed an ice dragon
 13659 | Lair:3   | Killed an ice dragon
 13701 | Lair:3   | Identified the Disquisition on Ensnaring Conjuration
 14548 | Lair:3   | Reached skill level 16 in Axes
 14732 | Orc:1    | Entered Level 1 of the Orcish Mines
 14804 | Orc:2    | Entered Level 2 of the Orcish Mines
 14815 | Orc:2    | Noticed Nessos
 14831 | Orc:2    | Killed Nessos
 14831 | Orc:2    | Received a gift from Okawaru
 14837 | Orc:2    | Noticed an orc warlord
 15095 | D:11     | Reached XP level 13. HP: 68/95 MP: 18/18
 15315 | D:11     | Noticed Erica
 15331 | D:11     | Killed Erica
 15826 | D:11     | Reached skill level 17 in Axes
 15965 | D:11     | Noticed Psyche
 16083 | D:12     | Received a gift from Okawaru
 16200 | D:12     | Noticed a seven-headed hydra
 16319 | Lair:2   | Killed Haldmier's ghost
 16430 | Lair:2   | Slain by a 16-headed hydra

Skill      XL: |  1  2  3  4  5  6  7  8  9 10 11 12 13 |
---------------+----------------------------------------+-----
Axes           | 3 4 6 7 9 11 12 14 16 17 | 17.2
Fighting       | 4 6 7 |  7.0
Shields        | 4 6 8 |  8.2
Armour         | 6 |  6.3
Invocations    | 3 7 9 |  9.4

Action                   |  1- 3 |  4- 6 |  7- 9 | 10-12 | 13-15 || total
-------------------------+-------+-------+-------+-------+-------++-------
Melee: War axe           |   119 |   117 |   454 |   199 |       ||   889
       Broad axe         |       |       |       |   722 |   247 ||   969
Invok: Heroism           |       |       |       |     2 |     4 ||     6
       Finesse           |       |       |       |     1 |     1 ||     2
 Abil: Shaft Self        |       |       |       |     2 |     1 ||     3
Evoke: Wand              |       |       |       |     5 |     1 ||     6
  Use: Potion            |       |     1 |     2 |     7 |     2 ||    12
       Scroll            |       |     3 |    10 |    13 |       ||    26
 Stab: Distracted        |       |       |       |       |     1 ||     1
  Eat: Chunk             |       |     5 |    17 |    28 |     5 ||    55
Armor: Scale mail        |    61 |    41 |   127 |       |       ||   229
       Plate armour      |       |       |    27 |   371 |   135 ||   533
Dodge: Dodged            |    36 |    29 |    91 |   215 |    70 ||   441
Block: Shield            |    70 |    46 |   188 |   521 |   138 ||   963
